 Dungeon Crawl Stone Soup version 0.31-a0-202-g547052bce9 (webtiles) character file.

Game seed: 14640668680056563614

107 qw the Skirmisher (level 4, -7/25 HPs)
             Began as a Deep Elf Hunter on June 26, 2023.
             Killed by nerve-wracking pain
             ... invoked by Grinder
              (10 damage)
             ... on level 3 of the Dungeon.
             The game lasted 00:00:43 (1781 turns).

qw the Skirmisher (Deep Elf Hunter)                 Turns: 1781, Time: 00:00:44

Health: -7/25      AC:  7    Str: 10    XL:     4   Next: 56%
Magic:  6/6        EV: 11    Int: 12    God:
Gold:   37         SH:  0    Dex: 18    Spells: 3/3 levels left

rFire   . . .        Y - +0 shortbow
rCold   . . .        (shield currently unavailable)
rNeg    . . .        d - +0 ring mail
rPois   .            (no helmet)
rElec   .            b - +0 cloak
rCorr   .            k - +0 pair of gloves
SInv    .            (no boots)
Will    .....        (no amulet)
Stlth   +            (no ring)
HPRegen 0.24/turn    (no ring)
MPRegen 0.10/turn

%: no passive effects
@: no status effects
A: hooves 1, dopey 1, screaming 1
a: no special abilities


You were on level 3 of the Dungeon.
You visited 1 branch of the dungeon, and saw 3 of its levels.

You collected 89 gold pieces.
You spent 52 gold pieces at shops.


Innate Abilities, Weirdness & Mutations

You have large cloven feet.
You are dopey. (Int -2)
You occasionally shout uncontrollably at your foes.


   Skills:
 - Level 1.5 Fighting
 + Level 8.0 Ranged Weapons
 - Level 2.4 Dodging
 - Level 1.2 Stealth


You had 3 spell levels left.
You didn't know any spells.
Your spell library was empty.

Inventory:

Hand Weapons
 Y - a +0 shortbow (weapon)
Armour
 b - a +0 cloak (worn)
 d - a +0 ring mail (worn)
 k - a +0 pair of gloves (worn)
Scrolls
 c - 2 scrolls of identify
Potions
 a - 2 potions of curing {unknown}
 e - a potion of degeneration {unknown}
 f - a potion of mutation
 g - a potion of brilliance {unknown}
 h - 2 potions of attraction {unknown}
 i - a potion of cancellation {unknown}
 j - a potion of might {unknown}

Dungeon Overview and Level Annotations

Branches:
Dungeon (3/15)

Altars:

Shops:
D:2 [

Annotations:
D:2 1 runed translucent door, Crazy Yiuf
D:3 Grinder


Message History

Grinder gestures at you. You resist with significant effort.
1768 ||| FLEEEEING.
1769 ||| FLEEEEING.
1770 ||| FLEEEEING.
Grinder blinks!
You shoot an arrow. The arrow hits Grinder!
Grinder is moderately wounded.
You shoot an arrow.
The arrow hits Grinder but does no damage.
Grinder is moderately wounded.
You shoot an arrow. The arrow barely misses Grinder.
Grinder barely misses you.
You shoot an arrow. The arrow hits Grinder.
Grinder is moderately wounded.
Grinder gestures at you.
You suddenly lose the ability to move!
Grinder hits you but does no damage. Grinder barely misses you.
Grinder hits you. Grinder hits you!
You can move again.
You shoot an arrow. The arrow hits Grinder!
Grinder is heavily wounded.
Grinder grins, showing sharp teeth.
Grinder barely misses you.
You shoot an arrow.
The arrow hits Grinder but does no damage.
Grinder is heavily wounded.
Grinder gestures at you.
You barely resist. You shoot an arrow.
The arrow hits Grinder but does no damage.
Grinder is heavily wounded.
Grinder gestures at you. Pain shoots through your body!
Ouch! That really hurt!
Grinder gestures at you. Pain shoots through your body!
You die...

#.# #.# #.# #..
#.# #.. #.# #..
#.# .... #.#
####. #.# #.
###5# #. #.@.#
###### #.###
#..... #.#
#.#### #.#
##########.#
#.###..........#
#.....##########
#######


You could see Grinder.

Vanquished Creatures
  5 adders
  A worm (D:2)
  3 ball pythons
  7 endoplasms
  3 giant cockroaches (D:2)
  7 goblins
  4 hobgoblins
  4 jackals (D:3)
  2 quokkas
  7 bats
  4 frilled lizards
  4 kobolds
  A rat (D:3)
52 creatures vanquished.

Notes
Turn   | Place    | Note
-------+----------+-------------------------------------------
     0 | D:1      | qw the Deep Elf Hunter began the quest for the Orb.
     0 | D:1      | Reached XP level 1. HP: 12/12 MP: 3/3
     0 | D:1      | 0 ||| qw: Version: 0.3-a-22-g0ed2b0b
     0 | D:1      | 0 ||| qw: Game counter: 6250
     0 | D:1      | 0 ||| qw: Melee chars always use a shield: true
     0 | D:1      | 0 ||| qw: God list: Okawaru
     0 | D:1      | 0 ||| qw: Allow faded altars: false
     0 | D:1      | 0 ||| qw: Do Orc after clearing Dungeon:15 true
     0 | D:1      | 0 ||| qw: Do second Lair branch before Depths: true
     0 | D:1      | 0 ||| qw: Lair rune preference: random
     0 | D:1      | 0 ||| qw: Goals: Normal
     0 | D:1      | 0 ||| PLANNING D:1-11
   118 | D:1      | Reached XP level 2. HP: 7/16 MP: 4/4
   189 | D:1      | Reached skill level 6 in Ranged Weapons
   278 | D:1      | You fall into a shaft and drop 1 floor!
   358 | D:2      | Reached XP level 3. HP: 20/20 MP: 5/5
   399 | D:2      | Identified the +7 mace "Buol" {heavy, rN+}
   514 | D:2      | 514 ||| UPGRADING to +0 pair of gloves.
   519 | D:2      | 519 ||| READING scroll labelled VYACRO FUUTY.
   520 | D:2      | 520 ||| READING scroll labelled ZUHYENK FYESTRA.
   521 | D:2      | 521 ||| READING scroll labelled DUISITH ZY QOST.
   522 | D:2      | 522 ||| DROPPING scroll of butterflies.
   526 | D:2      | Reached skill level 7 in Ranged Weapons
   662 | D:1      | 662 ||| UPGRADING to +0 scale mail.
   672 | D:1      | 672 ||| UPGRADING to +0 cloak.
   677 | D:1      | 677 ||| DROPPING +0 leather armour.
   678 | D:1      | 678 ||| READING scroll labelled YMONOE QEADGHOL.
   735 | D:2      | Found a runed translucent door.
   736 | D:2      | Noticed Crazy Yiuf
   852 | D:2      | Reached XP level 4. HP: 25/25 MP: 6/6
   915 | D:2      | Found Touloiph's Armour Shoppe.
   918 | D:2      | 918 ||| BUYING +0 ring mail (52 gold).
   918 | D:2      | Bought a +0 ring mail for 52 gold pieces
   918 | D:2      | 918 ||| SHOPLISTING +1 ring mail of fire resistance (208
                  | gold, have 24).
   918 | D:2      | 918 ||| SHOPLISTING +2 pair of slick slippers {slick,
                  | slippery, EV+4} (497 gold, have 24).
  1073 | D:2      | 1073 ||| UPGRADING to +0 ring mail.
  1083 | D:2      | 1083 ||| DROPPING +0 scale mail.
  1084 | D:2      | 1084 ||| DRINKING 2 fuming coppery potions.
  1084 | D:2      | Gained mutation: You have large cloven feet. [potion of
                  | mutation]
  1084 | D:2      | Gained mutation: You are dopey. (Int -2) [potion of
                  | mutation]
  1084 | D:2      | Gained mutation: You occasionally shout uncontrollably at
                  | your foes. [potion of mutation]
  1085 | D:2      | 1085 ||| READING 2 scrolls of identify.
  1085 | D:2      | 1085 ||| IDENTIFYING fuming brown potion
  1086 | D:2      | 1086 ||| DROPPING potion of magic.
  1507 | D:3      | Reached skill level 8 in Ranged Weapons
  1765 | D:3      | Noticed Grinder
  1768 | D:3      | 1768 ||| FLEEEEING.
  1769 | D:3      | 1769 ||| FLEEEEING.
  1770 | D:3      | 1770 ||| FLEEEEING.
  1774 | D:3      | Paralysed by Grinder for 5 turns
  1781 | D:3      | HP: 3/25 [Grinder/nerve-wracking pain (14)]
  1781 | D:3      | Killed from afar by Grinder

Levels and vault maps discovered:
D:1:      dpeg_arrival_shelter, layout_rooms
D:2:      kennysheep_big_flooded_room, layout_rooms, serial_shops,
          nicolae_shop_real_fake_doors, uniq_crazy_yiuf_cottage
D:3:      layout_loops_cross, chequers_serial_rivers_marsh, minivault_5,
          uniq_grinder

Skill      XL: |  1  2  3  4 |
---------------+-------------+-----
Ranged Weapons | 6 7 8 |  8.0
Fighting       | |  1.5
Dodging        | |  2.4
Stealth        | |  1.2

Action                     |  1- 3 |  4- 6 || total
---------------------------+-------+-------++-------
   Fire: Shortbow          |   108 |    57 ||   165
    Use: Scroll            |     4 |     1 ||     5
         Potion            |       |     1 ||     1
 Armour: Leather armour    |    11 |       ||    11
         Scale mail        |     1 |       ||     1
         Ring mail         |       |    22 ||    22
  Dodge: Dodged            |    24 |    27 ||    51

Table legend:
 A = Non-vault XP
 B = Vault XP
 C = Vault XP percentage of total XP
 D = Non-vault monster count
 E = Vault monster count
 F = Vault count percentage of total count
                 A         B        C        D         E       F
            +---------+---------+-------+---------+---------+-------
      Total |     150 |       3 |   2.0 |      50 |       2 |   3.8
            +---------+---------+-------+---------+---------+-------
        D:1 |      26 |       0 |   0.0 |      15 |       0 |   0.0
        D:2 |      77 |       3 |   3.8 |      22 |       2 |   8.3
        D:3 |      47 |       0 |   0.0 |      13 |       0 |   0.0
            +---------+---------+-------+---------+---------+-------
